 Dungeon Crawl Stone Soup version 0.23.2-1-ga50397a (webtiles) character file.

Game seed: 7076864964292042081

148 HASTUR3 the Sneak (level 5, -1/36 HPs)
             Began as an Octopode Monk on June 2, 2019.
             Killed by divine providence
             ... invoked by an orc priest
              (13 damage)
             ... on level 3 of the Dungeon.
             The game lasted 00:07:19 (1470 turns).

HASTUR3 the Sneak (Octopode Monk)                   Turns: 1470, Time: 00:07:20

Health: -1/36      AC:  6    Str: 12    XL:     5   Next: 30%
Magic:  5/5        EV: 15    Int: 12    God:
Gold:   87         SH:  0    Dex: 14    Spells: 4/4 levels left

rFire    . . .     SeeInvis .     - Unarmed
rCold    . . .     Gourm    .   (no shield)
rNeg     . . .     Faith    .   (helmet restricted)
rPois    .         Spirit   .   (no amulet)
rElec    .         Reflect  .   c - +5 ring of protection
rCorr    .         Harm     .   (no ring)
MR       .....                  (no ring)
Stlth    ++++......             (no ring)
HPRegen  0.12/turn              (no ring)
MPRegen  0.09/turn              (no ring)
                                (no ring)
                                (no ring)

@: hasted, very quick
A: almost no armour, stealthy swim, amphibious, 8 rings, constrict 8, camouflage
1, gelatinous body 1
a: no special abilities


You were on level 3 of the Dungeon.
You were not hungry.

You visited 1 branch of the dungeon, and saw 3 of its levels.

You collected 87 gold pieces.

Inventory:

Missiles
 g - 15 sling bullets
Jewellery
 c - a +5 ring of protection (left tentacle)
Wands
 j - a wand of flame (12)
Scrolls
 d - 2 scrolls of enchant armour {unknown}
 e - 2 scrolls of remove curse {unknown}
 i - a scroll of fog {unknown}
Potions
 b - a potion of heal wounds {unknown}
 f - a potion of haste
 h - a potion of brilliance {unknown}
Comestibles
 a - 3 rations
 k - 13 chunks of flesh


   Skills:
 - Level 3.0 Fighting
 + Level 3.8 Dodging
 * Level 5.7 Stealth
 + Level 3.9 Unarmed Combat


You had 4 spell levels left.
You didn't know any spells.
Your spell library was empty.

Dungeon Overview and Level Annotations

Branches:
Dungeon (3/15)

Altars:
Ru


Innate Abilities, Weirdness & Mutations

You cannot wear most types of armour.
You are very stealthy in the water. (Stealth+)
You are amphibious.
You can wear up to eight rings at the same time.
You can use your tentacles to constrict eight enemies at once.
Your skin changes colour to match your surroundings (Stealth+).
Your rubbery body absorbs attacks. (AC +1, EV +1)


Message History

Eating one of 14 chunks of flesh.
You eat one of the 14 chunks of flesh.
This raw flesh tastes terrible.
The orc is too close now for your liking.
Things that are here:
an adder skeleton; a quokka skeleton
Things that are here:
an adder skeleton; a quokka skeleton The orc shouts!
The orc priest shouts!
Sorry, you're not good enough to have a special ability.
The orc priest invokes the aid of Beogh against you.
Beogh smites you! The orc completely misses you.
It was a potion of haste.
You feel yourself speed up.
The orc priest invokes the aid of Beogh against you.
Beogh smites you! The orc barely misses you.
You tentacle-slap the orc. You grab the orc.
The orc is heavily wounded.
You constrict the orc.
The orc priest invokes the aid of Beogh against you.
Beogh smites you!
You die...

########## ## .........#
#### #. .........#####...
+. ...............######
#. ...............#....#
#. .....oo...>..).#....#
#.
.......@.#.###.#....###.
.........#.# #.#........
##.........#.# #.#........
#..........#รท#
#.#........ #.....#.####.#
#.<........ #.....#.#
#.###......####
#.....#'####.[)...(###....
#............####..# .###
#............# #...!...


You could see an orc priest and an orc.

Vanquished Creatures
  An orc wizard (D:3)
  A hound skeleton (D:2)
  4 adders
  An adder skeleton (D:2)
  A worm (D:2)
  3 dart slugs (D:2)
  A leopard gecko (D:2)
  4 orcs (D:3)
  A ball python (D:1)
  5 bats
  4 giant cockroaches
  5 goblins
  6 hobgoblins
  4 jackals (D:3)
  3 kobolds
  3 quokkas
  3 frilled lizards
  A leopard gecko skeleton (D:2)
  6 rats
  2 withered plants (D:2)
59 creatures vanquished.

Notes
Turn   | Place    | Note
-------+----------+-------------------------------------------
     0 | D:1      | HASTUR3 the Octopode Monk began the quest for the Orb.
     0 | D:1      | Reached XP level 1. HP: 16/16 MP: 1/1
    47 | D:1      | Reached skill level 3 in Stealth
    88 | D:1      | Reached XP level 2. HP: 20/21 MP: 2/2
   558 | D:1      | Reached XP level 3. HP: 26/26 MP: 3/3
   611 | D:1      | Reached skill level 4 in Stealth
   707 | D:2      | Found a sacrificial altar of Ru.
   816 | D:2      | Reached XP level 4. HP: 20/31 MP: 4/4
  1085 | D:2      | Reached skill level 5 in Stealth
  1382 | D:3      | Reached XP level 5. HP: 31/36 MP: 5/5
  1470 | D:3      | Killed from afar by an orc priest

Skill      XL: |  1  2  3  4 |
---------------+-------------+-----
Stealth        | 3 4 5 |  5.7
Fighting       | |  3.0
Dodging        | |  3.8
Unarmed Combat | |  3.9

Action                   |  1- 3 |  4- 6 || total
-------------------------+-------+-------++-------
Melee: Unarmed           |    66 |   100 ||   166
       Constrict         |    23 |    23 ||    46
       Tentacles         |     8 |    26 ||    34
       Punch             |     2 |     5 ||     7
  Use: Potion            |       |     1 ||     1
 Stab: Sleeping          |    11 |     5 ||    16
  Eat: Chunk             |       |     2 ||     2
Armor: Skin              |    11 |    13 ||    24
Dodge: Dodged            |    39 |    39 ||    78
